[Event "Titled Tuesday Blitz May 31 Early 2022"]
[White "Bharath Subramaniyam H"]
[Black "Sismeiro, Miguel"]
[WhiteFideId "46634827"]
[BlackFideId "1950975"]
[WhiteElo "2242"]
[BlackElo "2031"]
[Result "0-1"]
[Round "11"]
[TimeControl "180+1"]
[Date "2022.05.31"]
[WhiteClock "0:00:03"]
[BlackClock "0:00:04"]

1. c4 g6 2. Nc3 Bg7 3. g3 Nf6 4. Bg2 O-O 5. e4 e5 6. d3 d6 7. Nge2 Nc6 8. O-O Nd7 9. a3 a5 10. Rb1 Nc5 11. b4 axb4 12. axb4 Ne6 13. Be3 Ned4 14. b5 Ne7 15. Qd2 Bh3 16. f4 Bxg2 17. Kxg2 f5 18. fxe5 Nxe2 19. Qxe2 Bxe5 20. d4 Bg7 21. Bg5 h6 22. exf5 hxg5 23. Qe6+ Kh7 24. f6 Nf5 25. fxg7 Kxg7 26. Kh1 Re8 27. Qd5 Qd7 28. Qxb7 Rh8 29. Kg1 Nxd4 30. Rbd1 Nf5 31. Nd5 Ra2 32. Rf2 Rxf2 33. Kxf2 Rxh2+ 34. Kg1 Rh3 35. Qxc7 Qxc7 36. Nxc7 Rxg3+ 37. Kf2 Rb3 38. Ra1 Kf6 39. b6 Ke5 40. Nd5 g4 41. Re1+ Kd4 42. Re7 Kxc4 43. Nf6 Rxb6 44. Nxg4 Rb2+ 45. Kf3 Nd4+ 46. Kf4 Rb3 47. Rc7+ Kd5 48. Kg5 Ne6+ 49. Kf6 Nxc7 50. Kxg6 Ke4 51. Nf6+ Ke5 52. Nd7+ Ke6 53. Nf8+ Ke7 54. Nh7 Rb5 55. Nf6 Ke6 56. Nh7 Ke5 57. Ng5 Kd4 58. Nf7 d5 59. Kf5 Kc3 60. Kf4 d4 61. Nd6 Rd5 62. Ne4+ Kc2 63. Kf3 d3 64. Ke3 Ne6 65. Nd2 Nd4 66. Ne4 Nf5+ 67. Kf4 Nd6 68. Nf2 d2 69. Ke3 Rf5 70. Nd3 d1=Q 71. Nb4+ Kb3 72. Na2 Qe1+ 73. Kd3 Rd5# 0-1


[Site "https://www.chess.com"]

[Event "Titled Tuesday Blitz May 31 Early 2022"]
[White "Bodnaruk, Anastasia"]
[Black "Gormally, Daniel W"]
[WhiteFideId "4181751"]
[BlackFideId "406465"]
[WhiteElo "2332"]
[BlackElo "2543"]
[Result "1/2-1/2"]
[Round "11"]
[TimeControl "180+1"]
[Date "2022.06.01"]
[WhiteClock "0:00:07"]
[BlackClock "0:01:01"]

1. e4 c5 2. Nc3 d6 3. Nge2 Nf6 4. d4 cxd4 5. Nxd4 Nc6 6. Bc4 Qb6 7. Nb3 e6 8. Be3 Qc7 9. Be2 Be7 10. f4 O-O 11. Bf3 a6 12. O-O b5 13. g4 Bb7 14. g5 Nd7 15. Bg2 Na5 16. Nxa5 Qxa5 17. Qh5 g6 18. Qh6 Rfe8 19. Ne2 Bf8 20. Qh4 Bg7 21. c3 b4 22. Rad1 bxc3 23. Nxc3 Qb4 24. Rd2 Nc5 25. a3 Qc4 26. Bxc5 Qxc5+ 27. Kh1 Rad8 28. Rd3 a5 29. Rh3 h5 30. gxh6 Bd4 31. Ne2 Bxb2 32. Rb3 Qc2 33. Rxb7 Qxe2 34. h7+ Kh8 35. Rxf7 Rf8 36. e5 Rxf7 37. Qxd8+ Kxh7 38. Qxd6 Qc4 39. h4 Rxf4 40. Qe7+ Kh8 41. Qe8+ Kg7 42. Qe7+ Kh8 43. Qe8+ Kg7 44. Qe7+ 1/2-1/2


[Site "https://www.chess.com"]

[Event "Titled Tuesday Blitz May 31 Early 2022"]
[White "Chen, Qi b"]
[Black "Fiorito, Fabian"]
[WhiteFideId "8614733"]
[BlackFideId "100200"]
[WhiteElo "2432"]
[BlackElo "2395"]
[Result "1-0"]
[Round "11"]
[TimeControl "180+1"]
[Date "2022.06.01"]
[WhiteClock "0:00:22"]
[BlackClock "0:00:05"]

1. d4 d5 2. c4 c6 3. Nf3 Nf6 4. Nc3 e6 5. g3 dxc4 6. a4 Nbd7 7. Bg2 c5 8. O-O Be7 9. e4 cxd4 10. Qxd4 Nb6 11. Be3 Qxd4 12. Bxd4 O-O 13. a5 Nbd7 14. e5 Nd5 15. Nd2 Nxc3 16. bxc3 a6 17. Rfb1 Nc5 18. Nxc4 Rb8 19. Nd6 Bxd6 20. exd6 Nd7 21. c4 e5 22. Ba7 Ra8 23. Be3 Rb8 24. c5 g6 25. Ra4 f5 26. Rab4 f4 27. Bd5+ Kg7 28. gxf4 exf4 29. Bd4+ Kh6 30. c6 bxc6 31. Rxb8 cxd5 32. Ra8 Re8 33. Rc1 Re4 34. Bh8 Bb7 35. Ra7 Nc5 36. Rxc5 f3 37. Rc1 Bc6 38. d7 1-0


[Site "https://www.chess.com"]

[Event "Titled Tuesday Blitz May 31 Early 2022"]
[White "Cherniaiev, Tykhon"]
[Black "Al-Tarboush, Ward"]
[WhiteFideId "14182360"]
[BlackFideId "7601450"]
[WhiteElo "2289"]
[BlackElo "2294"]
[Result "0-1"]
[Round "11"]
[TimeControl "180+1"]
[Date "2022.05.31"]
[WhiteClock "0:00:09"]
[BlackClock "0:01:25"]

1. Nf3 d5 2. c4 c6 3. d4 Nf6 4. e3 e6 5. Nc3 Nbd7 6. Bd3 dxc4 7. Bxc4 b5 8. Bd3 Bd6 9. O-O O-O 10. Ne4 Bc7 11. Qc2 Bb7 12. Nxf6+ Nxf6 13. e4 h6 14. h3 Qe7 15. Be3 Rad8 16. Rfd1 a6 17. a3 Bb8 18. b4 Nd7 19. Rac1 e5 20. Bf1 Rfe8 21. dxe5 Nxe5 22. Nxe5 Qxe5 23. f4 Qe7 24. Rxd8 Rxd8 25. Rd1 Rxd1 26. Qxd1 Bc7 27. Qd4 a5 28. Bd3 axb4 29. axb4 Bd6 30. e5 Bxb4 31. Qa7 g6 32. Qb8+ Kh7 33. f5 Bc5 34. Bxc5 Qxc5+ 35. Kh2 gxf5 36. Bxf5+ Kg7 37. Qd6 Qxd6 38. exd6 Kf6 39. Bg4 c5 40. Kg3 b4 41. Bd1 Ke6 42. Bb3+ Kxd6 43. Bxf7 Bd5 44. Bg6 b3 45. Kf2 Ke5 46. g4 Be4 47. Bf7 b2 48. Ba2 b1=Q 49. Bxb1 Bxb1 50. Ke3 c4 51. h4 c3 52. g5 h5 53. Ke2 Kf5 54. Ke3 Be4 55. Ke2 Kg4 56. Ke3 Bg6 57. Ke2 Kxh4 58. Ke3 Kxg5 59. Ke2 c2 60. Kd2 h4 61. Kc1 h3 62. Kd2 h2 63. Ke2 h1=Q 64. Kd2 c1=Q+ 65. Ke2 Qhf1# 0-1


[Site "https://www.chess.com"]

[Event "Titled Tuesday Blitz May 31 Early 2022"]
[White "Chernomordik, Pavel"]
[Black "Kovacevic, Radmila"]
[WhiteFideId "2804530"]
[BlackFideId "933171"]
[WhiteElo "2220"]
[BlackElo "2115"]
[Result "1/2-1/2"]
[Round "11"]
[TimeControl "180+1"]
[Date "2022.06.01"]
[WhiteClock "0:00:17"]
[BlackClock "0:00:12"]

1. e4 e5 2. Nf3 d5 3. exd5 e4 4. Qe2 Nf6 5. Nc3 Be7 6. Nxe4 O-O 7. d3 Nxd5 8. Bd2 f5 9. Ng3 Bf6 10. O-O-O Re8 11. Be3 f4 12. Ne4 fxe3 13. fxe3 Nb4 14. Kb1 Be6 15. c4 N8c6 16. Qd2 Bf5 17. Nxf6+ Qxf6 18. e4 Bg6 19. a3 Na6 20. b4 Nd4 21. Qb2 c5 22. b5 Nc7 23. Nxd4 cxd4 24. Be2 Ne6 25. Rhf1 Qe5 26. g3 a6 27. b6 Rac8 28. Bg4 Rc6 29. Ka1 Qc5 30. Rb1 h5 31. Bf5 Nf8 32. Bh3 Rxb6 33. Qa2 Rxb1+ 34. Rxb1 Bf7 35. Rxb7 Qg5 36. Qc2 Qa5 37. Ka2 Ne6 38. Qf2 Nd8 39. Rd7 Qc3 40. Rxd4 Nc6 41. Rd7 Ne5 42. Rb7 Rf8 43. Qb2 Qxb2+ 44. Kxb2 Nxd3+ 45. Kc3 Ne5 46. c5 Ng4 47. Bxg4 hxg4 48. c6 Rc8 49. c7 Be6 50. Kd4 Kf7 51. Ke5 Ke7 52. Ra7 Kd7 53. Rxa6 Bc4 54. Rg6 Rg8 55. Rxg4 Kxc7 56. h4 Be2 57. Rg6 Re8+ 58. Kf4 Re7 59. e5 Bd3 60. Rd6 Bb1 61. h5 Bh7 62. g4 Kb7 63. g5 Bg8 64. h6 gxh6 65. gxh6 Ba2 66. Rg6 Kc7 67. Rg7 Rxg7 68. hxg7 Kd7 69. Kf5 Ke7 70. Kg6 Bf7+ 71. Kh7 Ke6 72. a4 Kxe5 73. a5 Kd6 74. a6 Kc7 75. a7 Kb7 76. g8=Q Bxg8+ 77. Kxg8 Kxa7 1/2-1/2


[Site "https://www.chess.com"]

[Event "Titled Tuesday Blitz May 31 Early 2022"]
[White "Costachi, Mihnea"]
[Black "Fantinel, Thibault"]
[WhiteFideId "1217518"]
[BlackFideId "663395"]
[WhiteElo "2476"]
[BlackElo "2349"]
[Result "0-1"]
[Round "11"]
[TimeControl "180+1"]
[Date "2022.05.31"]
[WhiteClock "0:01:13"]
[BlackClock "0:00:12"]

1. e4 c5 2. Nf3 e6 3. b3 a6 4. Bb2 Nc6 5. Be2 d5 6. exd5 exd5 7. O-O Nf6 8. d4 cxd4 9. Nxd4 Bc5 10. Bf3 O-O 11. Re1 Qb6 12. c3 Nxd4 13. cxd4 Bd6 14. Nc3 Be6 15. Na4 Qc7 16. Rc1 Bxh2+ 17. Kh1 Qf4 18. g3 Qh6 19. Bg2 Bxg3+ 20. Kg1 Qh2+ 21. Kf1 Bh3 22. Qf3 Rfe8 23. Bxh3 Qxh3+ 24. Qg2 Qxg2+ 25. Kxg2 Bf4 26. Rcd1 h5 27. Nc5 b6 28. Rxe8+ Rxe8 29. Nd3 Bd6 30. Rc1 Re2 31. Rc6 Bf8 32. Rc8 Rd2 33. Ba3 Rxd3 34. Rxf8+ Kh7 35. Rxf7 Rd2 36. Rb7 Ne4 37. Rxb6 Rxf2+ 38. Kg1 Rxa2 39. Bf8 h4 40. Rb7 Kg6 41. Rxg7+ Kf5 42. Rh7 Kg4 43. Be7 h3 44. Rg7+ Kf3 45. Rh7 Kg3 46. Rg7+ Kf3 47. Rh7 h2+ 48. Rxh2 Ra1# 0-1


[Site "https://www.chess.com"]

[Event "Titled Tuesday Blitz May 31 Early 2022"]
[White "Csonka, Balazs"]
[Black "Bas Mas, Jose Joaquin"]
[WhiteFideId "742910"]
[BlackFideId "22219064"]
[WhiteElo "2404"]
[BlackElo "2233"]
[Result "1-0"]
[Round "11"]
[TimeControl "180+1"]
[Date "2022.05.31"]
[WhiteClock "0:00:04"]
[BlackClock "0:00:02"]

1. e4 c5 2. Nf3 e6 3. d4 cxd4 4. Nxd4 a6 5. Nc3 Qc7 6. g3 Bb4 7. Bd2 Nf6 8. Bg2 d6 9. O-O O-O 10. Nb3 Nc6 11. a3 Bxc3 12. Bxc3 e5 13. Qd2 h6 14. f4 Be6 15. fxe5 dxe5 16. Rxf6 gxf6 17. Qxh6 Ne7 18. Rf1 Rfd8 19. h4 Bxb3 20. cxb3 Rd6 21. Kh2 Qd8 22. Bb4 Rc6 23. Rxf6 Rxf6 24. Qxf6 Nc6 25. Qf5 Nxb4 26. axb4 Qe7 27. Qg4+ Kf8 28. Qh5 Kg7 29. Qg4+ Kf6 30. Qg5+ Ke6 31. Bh3+ Kd6 32. Qd2+ Kc7 33. Qc3+ Kb8 34. h5 Ka7 35. Qe3+ b6 36. h6 Rh8 37. Bf5 Qxb4 38. h7 Qe7 39. Kg2 Rd8 40. Qc3 a5 41. Qc6 Rd6 42. Qxd6 Qxd6 43. h8=Q Qd2+ 44. Kh3 Qxb2 45. Qc8 Qxb3 46. Qc7+ Ka6 47. Qc6 Ka7 48. Bc8 a4 49. Qb7# 1-0


[Site "https://www.chess.com"]

[Event "Titled Tuesday Blitz May 31 Early 2022"]
[White "Domingo Nunez, Ruben"]
[Black "Gaehwiler, Gabriel"]
[WhiteFideId "22245570"]
[BlackFideId "1314530"]
[WhiteElo "2376"]
[BlackElo "2383"]
[Result "1/2-1/2"]
[Round "11"]
[TimeControl "180+1"]
[Date "2022.05.31"]
[WhiteClock "0:00:35"]
[BlackClock "0:00:14"]

1. c4 Nf6 2. g3 g6 3. Bg2 Bg7 4. Nc3 O-O 5. Nf3 d6 6. O-O c6 7. Rb1 Bf5 8. d3 a5 9. a3 Qc8 10. Re1 Re8 11. b4 Na6 12. b5 Nc5 13. Nd4 Bd7 14. bxc6 bxc6 15. Na4 Nxa4 16. Qxa4 Ra6 17. c5 e5 18. Nb3 d5 19. Nxa5 Qc7 20. Bd2 Rea8 21. Rb6 Rxb6 22. cxb6 Qxb6 23. Qb4 Qc7 24. Rb1 Bf8 25. Qb6 Qxb6 26. Rxb6 Bxa3 27. Nxc6 Bc5 28. Rb8+ Rxb8 29. Nxb8 Bb5 30. Bh3 e4 31. Bg5 exd3 32. exd3 Kg7 33. Bxf6+ Kxf6 34. Nd7+ Bxd7 35. Bxd7 1/2-1/2


[Site "https://www.chess.com"]

[Event "Titled Tuesday Blitz May 31 Early 2022"]
[White "Dubov, Daniil"]
[Black "Keymer, Vincent"]
[WhiteFideId "24126055"]
[BlackFideId "12940690"]
[WhiteElo "2791"]
[BlackElo "2548"]
[Result "1-0"]
[Round "11"]
[TimeControl "180+1"]
[Date "2022.05.31"]
[WhiteClock "0:00:04"]
[BlackClock "0:00:07"]

1. b3 d5 2. Bb2 Bg4 3. d3 c5 4. Nd2 Nc6 5. h3 Bh5 6. Ngf3 e6 7. e3 d4 8. Qe2 Nf6 9. g4 Bg6 10. Bg2 h5 11. Nh4 Bh7 12. Bxc6+ bxc6 13. e4 Nxe4 14. dxe4 Qxh4 15. Qa6 Rd8 16. Qxc6+ Rd7 17. Nc4 Qf6 18. O-O-O e5 19. Qxf6 gxf6 20. f3 Bg6 21. Kd2 Rd8 22. Kd3 Kd7 23. c3 Be7 24. cxd4 cxd4 25. Ba3 Rh7 26. Bxe7 Kxe7 27. Rc1 Rdh8 28. Rhf1 hxg4 29. hxg4 Rh2 30. Nd2 Kd6 31. Rc2 R8h3 32. Nc4+ Kd7 33. Rxh2 Rxh2 34. Nd2 Rg2 35. Rc1 Rh2 36. b4 Rh3 37. b5 Rh8 38. a4 Rh3 39. Rc6 Rh1 40. Ra6 Ra1 41. Rxa7+ Kd6 42. Ra6+ Kc7 43. Rc6+ Kb7 44. Rxf6 Ra3+ 45. Ke2 Rxa4 46. Nb3 Rb4 47. Nc5+ Kc8 48. Rc6+ Kd8 49. b6 f6 50. b7 Be8 51. Rc8+ Ke7 52. b8=Q Rxb8 53. Rxb8 Kd6 54. Rxe8 1-0


[Site "https://www.chess.com"]

[Event "Titled Tuesday Blitz May 31 Early 2022"]
[White "Dudzinski, Pawel"]
[Black "Deviprasath, Sharvesh"]
[WhiteFideId "1117890"]
[BlackFideId "30938228"]
[WhiteElo "2011"]
[BlackElo "2102"]
[Result "0-1"]
[Round "11"]
[TimeControl "180+1"]
[Date "2022.06.01"]
[WhiteClock "0:00:06"]
[BlackClock "0:00:13"]

1. e4 c5 2. Nc3 d6 3. g3 g6 4. Bg2 Bg7 5. d3 Nc6 6. Be3 Rb8 7. Qd2 b5 8. Nd1 b4 9. a3 a5 10. Ne2 e6 11. f4 Nge7 12. d4 cxd4 13. Nxd4 O-O 14. axb4 axb4 15. Nxc6 Nxc6 16. e5 d5 17. Bc5 Re8 18. Bd6 f6 19. Bxb8 Nxb8 20. exf6 Qxf6 21. Qxb4 Nc6 22. Qc3 Nd4 23. Ra4 e5 24. Bxd5+ Kh8 25. f5 Bd7 26. Ra7 Nb5 27. Qa5 Nxa7 28. Qxa7 Bxf5 29. O-O Bh6 30. Ne3 Qe7 31. Qb6 Qd8 32. Qxd8 Bxe3+ 33. Kg2 Rxd8 34. c4 Bd4 35. b4 Kg7 36. h3 Bd7 37. b5 Rf8 38. Rxf8 Kxf8 39. g4 Ke7 40. Kf3 Kd6 41. Ke4 Be6 42. Bxe6 Kxe6 43. h4 h6 44. h5 g5 45. Kd3 Kd6 46. Ke4 Kc5 47. Kf5 Kxc4 48. Kg6 e4 49. Kxh6 e3 50. Kxg5 e2 51. b6 Bxb6 52. h6 e1=Q 53. h7 Bd4 54. Kg6 Qe5 55. g5 Qg7+ 56. Kf5 Qxh7+ 57. g6 Qg7 58. Kg5 Kd5 59. Kf5 Qf6+ 60. Kg4 Qxg6+ 61. Kh3 Ke4 62. Kh2 Kf3 0-1


[Site "https://www.chess.com"]

[Event "Titled Tuesday Blitz May 31 Early 2022"]
[White "Durarbayli, Vasif"]
[Black "Vidit, Santosh Gujrathi"]
[WhiteFideId "13402935"]
[BlackFideId "5029465"]
[WhiteElo "2528"]
[BlackElo "2654"]
[Result "0-1"]
[Round "11"]
[TimeControl "180+1"]
[Date "2022.05.31"]
[WhiteClock "0:00:01"]
[BlackClock "0:02:00"]

1. e4 c6 2. d4 d5 3. exd5 cxd5 4. c4 Nf6 5. Nc3 Nc6 6. Nf3 e6 7. c5 Ne4 8. Bb5 Bd7 9. O-O Be7 10. Re1 Nxc3 11. bxc3 O-O 12. Rb1 b6 13. Bxc6 Bxc6 14. Ne5 Be8 15. Ba3 bxc5 16. Rb7 Bd6 17. Bxc5 Bxc5 18. dxc5 Qc8 19. Qb3 Qxc5 20. h4 Rc8 21. Re3 a5 22. h5 d4 23. cxd4 Qxd4 24. Nf3 Rc1+ 25. Kh2 Qf4+ 26. g3 Qg4 27. Kg2 Qxh5 28. Re1 Rxe1 0-1


[Site "https://www.chess.com"]

[Event "Titled Tuesday Blitz May 31 Early 2022"]
[White "Eljanov, Pavel"]
[Black "Janaszak, Dawid"]
[WhiteFideId "14102951"]
[BlackFideId "1119206"]
[WhiteElo "2601"]
[BlackElo "2199"]
[Result "1-0"]
[Round "11"]
[TimeControl "180+1"]
[Date "2022.05.31"]
[WhiteClock "0:01:23"]
[BlackClock "0:00:03"]

1. d4 Nf6 2. c4 g6 3. g3 Bg7 4. Bg2 O-O 5. Nc3 d6 6. Nf3 c5 7. d5 e6 8. O-O exd5 9. cxd5 a6 10. a4 Re8 11. Bf4 Ne4 12. Nxe4 Rxe4 13. Nd2 Rb4 14. b3 g5 15. Be3 Nd7 16. Ne4 Bxa1 17. Qxa1 f6 18. Nxd6 Rxb3 19. Bd2 Ne5 20. Qa2 Qb6 21. a5 Qxd6 22. Qxb3 Bg4 23. f4 Nf7 24. fxg5 fxg5 25. Qxb7 Rf8 26. Bc3 Bxe2 27. Rf6 Qd8 28. d6 Bc4 29. Qe4 Re8 30. Rg6+ hxg6 31. Qxg6+ Kf8 32. Qg7# 1-0


[Site "https://www.chess.com"]

[Event "Titled Tuesday Blitz May 31 Early 2022"]
[White "Ezat, Mohamed"]
[Black "Lianes Garcia, Marcos"]
[WhiteFideId "10600906"]
[BlackFideId "32060777"]
[WhiteElo "2386"]
[BlackElo "2310"]
[Result "1-0"]
[Round "11"]
[TimeControl "180+1"]
[Date "2022.05.31"]
[WhiteClock "0:00:11"]
[BlackClock "0:00:15"]

1. d4 g6 2. c4 Bg7 3. e4 c5 4. d5 d6 5. Nc3 e5 6. Be2 Ne7 7. h4 h6 8. h5 g5 9. g4 Na6 10. f3 O-O 11. Nh3 Nc7 12. Nf2 Rb8 13. Kf1 a6 14. a3 b5 15. b4 cxb4 16. axb4 bxc4 17. Bxc4 Rxb4 18. Be2 Rb8 19. Ba3 Nb5 20. Nxb5 axb5 21. Bb4 Qb6 22. Qd2 Bd7 23. Ra5 Ra8 24. Kg2 Rxa5 25. Bxa5 Qd4 26. Rc1 Rc8 27. Rxc8+ Nxc8 28. Nd1 Qa7 29. Ne3 Bf8 30. Bb4 Nb6 31. Qc3 Na4 32. Qd2 Nc5 33. Nd1 Qa4 34. Qb2 Qa7 35. Nc3 f6 36. Bxc5 Qxc5 37. Bxb5 Qb6 38. Qb3 Bc8 39. Qc4 Bb7 40. Bc6 Ba6 41. Bb5 Bxb5 42. Nxb5 Qe3 43. Nc7 Qd2+ 44. Kf1 Be7 45. Ne6 Kf7 46. Qb5 Qc1+ 47. Kg2 Qc8 48. Qc6 Qb8 49. Qd7 Qb2+ 50. Kh3 Qb8 51. Nc7 Qb7 52. Qe8+ Kg7 53. Ne6+ Kh7 54. Qf7+ Kh8 55. Qg7# 1-0


[Site "https://www.chess.com"]

[Event "Titled Tuesday Blitz May 31 Early 2022"]
[White "Goltsev, Dmitry"]
[Black "Sadubayev, Airat"]
[WhiteFideId "24176710"]
[BlackFideId "13713264"]
[WhiteElo "2258"]
[BlackElo "2234"]
[Result "1/2-1/2"]
[Round "11"]
[TimeControl "180+1"]
[Date "2022.05.31"]
[WhiteClock "0:01:43"]
[BlackClock "0:00:35"]

1. e4 c6 2. d4 d5 3. Nc3 dxe4 4. Nxe4 Bf5 5. Ng3 Bg6 6. Nh3 Nf6 7. Nf4 e5 8. dxe5 Qa5+ 9. c3 Qxe5+ 10. Qe2 Nbd7 11. Nxg6 hxg6 12. Qxe5+ Nxe5 13. Bf4 Bd6 14. O-O-O Nd3+ 15. Bxd3 Bxf4+ 16. Kc2 O-O-O 17. Bc4 Rxd1 18. Kxd1 Ng4 19. Ke2 f5 20. h3 Ne5 21. Bb3 Re8 22. Rd1 Kc7 23. Nf1 Bg5 24. Ne3 f4 25. Nc2 Nc4+ 26. Kf3 Ne5+ 27. Ke2 Nc4+ 28. Kf3 Ne5+ 29. Ke2 1/2-1/2


[Site "https://www.chess.com"]

[Event "Titled Tuesday Blitz May 31 Early 2022"]
[White "Gong, Patrick"]
[Black "Chigaev, Maksim"]
[WhiteFideId "3222500"]
[BlackFideId "4108116"]
[WhiteElo "2103"]
[BlackElo "2457"]
[Result "1-0"]
[Round "11"]
[TimeControl "180+1"]
[Date "2022.05.31"]
[WhiteClock "0:00:46"]
[BlackClock "0:00:05"]

1. e4 c6 2. d4 d5 3. exd5 cxd5 4. Bd3 Nc6 5. c3 Nf6 6. Bf4 Bg4 7. Qb3 Qc8 8. Nd2 e6 9. Ngf3 Bxf3 10. Nxf3 Be7 11. O-O O-O 12. Ne5 a6 13. Rae1 Nxe5 14. Bxe5 Qd7 15. Qc2 g6 16. Qe2 Rfc8 17. Qf3 Qd8 18. h4 h5 19. Qf4 Nd7 20. Bxg6 fxg6 21. Qh6 Nxe5 22. Rxe5 Kf7 23. Qh7+ Kf6 24. Rfe1 Qg8 25. Rxe6+ Qxe6 26. Rxe6+ Kxe6 27. Qxg6+ Bf6 28. Qxh5 Rg8 29. g4 Raf8 30. g5 Be7 31. Qg4+ Kd6 32. f4 Kc6 33. f5 Rg7 34. g6 Bf6 35. h5 Rh8 36. c4 dxc4 37. Qe4+ Kc7 38. h6 Rxh6 39. Qf4+ 1-0


[Site "https://www.chess.com"]

[Event "Titled Tuesday Blitz May 31 Early 2022"]
[White "Gottstein, Claudius-Thomas"]
[Black "Prieto Aranguren, Alain"]
[WhiteFideId "4653327"]
[BlackFideId "2268906"]
[WhiteElo "2109"]
[BlackElo "2235"]
[Result "1-0"]
[Round "11"]
[TimeControl "180+1"]
[Date "2022.06.01"]
[WhiteClock "0:00:10"]
[BlackClock "0:00:14"]

1. e4 c6 2. d4 d5 3. f3 e6 4. Nc3 Bb4 5. Bf4 b6 6. Ne2 Nf6 7. Qd3 Ba6 8. Qe3 Nbd7 9. a3 Be7 10. exd5 cxd5 11. Ng3 Qc8 12. Bxa6 Qxa6 13. Qe2 Qxe2+ 14. Ncxe2 Rc8 15. c3 b5 16. Nc1 Nb6 17. Nd3 Nc4 18. Rb1 O-O 19. Kf2 Nd7 20. Rhe1 Ndb6 21. Nf5 Bxa3 22. Nh6+ gxh6 23. bxa3 Nxa3 24. Rb3 Nbc4 25. Bxh6 Rfd8 26. Ne5 a5 27. Ng4 f5 28. Ne5 Rd6 29. Nxc4 Nxc4 30. Rxb5 Rb6 31. Rxb6 Nxb6 32. Rxe6 Nc4 33. Ra6 Rb8 34. Ra7 Rb2+ 35. Kg3 Rb6 36. Bf4 Rb3 37. Bc7 Ra3 38. Be5 Nxe5 39. dxe5 a4 40. e6 Kf8 41. Kf4 Rxc3 42. Ke5 d4 43. Kf6 Rc8 44. Rxh7 Kg8 45. Rg7+ Kh8 46. Rd7 Ra8 47. e7 Kh7 48. Rxd4 a3 49. Rd1 a2 50. Ra1 Kh6 51. Kf7 Kg5 52. e8=Q 1-0


[Site "https://www.chess.com"]

[Event "Titled Tuesday Blitz May 31 Early 2022"]
[White "Gulevich, Artem"]
[Black "Zaksaite, Salomeja"]
[WhiteFideId "24119580"]
[BlackFideId "12801496"]
[WhiteElo "2218"]
[BlackElo "1953"]
[Result "1-0"]
[Round "11"]
[TimeControl "180+1"]
[Date "2022.06.01"]
[WhiteClock "0:00:09"]
[BlackClock "0:00:02"]

1. Nf3 Nf6 2. b3 g6 3. Bb2 Bg7 4. d4 O-O 5. e3 d6 6. Be2 b6 7. O-O Bb7 8. c4 c5 9. d5 a6 10. a4 b5 11. axb5 axb5 12. Rxa8 Bxa8 13. Nc3 bxc4 14. bxc4 Na6 15. Nb5 Nb4 16. Bc3 Qb6 17. Qb3 Rb8 18. Bxb4 cxb4 19. Qxb4 Nd7 20. h4 Nc5 21. Nfd4 h5 22. Qd2 Ne4 23. Qc2 Nc5 24. Rb1 Qa5 25. Nc6 Bxc6 26. dxc6 Rc8 27. c7 Kh7 28. Bxh5 Kg8 29. Bg4 Rxc7 30. Nxc7 Qxc7 31. h5 gxh5 32. Bxh5 Ne6 33. Qf5 Bf6 34. Qg4+ Ng7 35. Rc1 Kh7 36. Qe4+ Kg8 37. Bf3 Qc8 38. Qa8 Qxa8 39. Bxa8 Ne6 40. Bd5 Nc5 41. Rb1 e6 42. Bf3 Kf8 43. Rb8+ Ke7 44. Ra8 Bc3 45. Ra7+ Kf6 46. Bh5 Ke5 47. Bxf7 Nd3 48. Ra3 1-0


[Site "https://www.chess.com"]

[Event "Titled Tuesday Blitz May 31 Early 2022"]
[White "Gunina, Valentina"]
[Black "Lazavik, Denis"]
[WhiteFideId "4167570"]
[BlackFideId "13515110"]
[WhiteElo "2381"]
[BlackElo "2437"]
[Result "1-0"]
[Round "11"]
[TimeControl "180+1"]
[Date "2022.05.31"]
[WhiteClock "0:00:09"]
[BlackClock "0:00:05"]

1. d4 f5 2. c4 Nf6 3. Nf3 g6 4. g3 Bg7 5. Bg2 O-O 6. O-O d6 7. Nc3 c6 8. d5 e5 9. dxe6 Bxe6 10. Qd3 Re8 11. b3 Na6 12. Bb2 Nc5 13. Qc2 a5 14. Rad1 Qe7 15. Ng5 Bc8 16. Qd2 h6 17. Nf3 Be6 18. e3 Rad8 19. Nd4 Bf7 20. Nce2 a4 21. Nf4 Ng4 22. h4 h5 23. Qc2 axb3 24. axb3 Ne5 25. Nh3 Ra8 26. Ng5 Ng4 27. Nxf7 Qxf7 28. Qb1 Ne4 29. f3 Nxg3 30. fxg4 hxg4 31. h5 Nxh5 32. Nxf5 gxf5 33. Rxf5 Qg6 34. Rxd6 Qxd6 35. Rxh5 Re7 36. Qh7+ Kf8 37. Bxg7+ Ke8 38. Qh8+ Kd7 39. Qxa8 Qb4 40. Bf6 Qe1+ 41. Kh2 g3+ 42. Kh3 Qb4 43. Bxe7 Qxe7 44. Qxb7+ Kd6 45. c5+ Ke6 46. Qxc6+ Kf7 47. Rh7+ 1-0


[Site "https://www.chess.com"]

[Event "Titled Tuesday Blitz May 31 Early 2022"]
[White "Gurevich, Dmitry"]
[Black "Khamdamova, Afruza"]
[WhiteFideId "2000407"]
[BlackFideId "14210444"]
[WhiteElo "2506"]
[BlackElo "1660"]
[Result "0-1"]
[Round "11"]
[TimeControl "180+1"]
[Date "2022.06.01"]
[WhiteClock "0:00:01"]
[BlackClock "0:00:03"]

1. d4 Nf6 2. c4 g6 3. Nc3 d5 4. Nf3 Bg7 5. cxd5 Nxd5 6. Bd2 O-O 7. Rc1 Nxc3 8. Bxc3 b6 9. e3 Bb7 10. Bc4 Nd7 11. O-O c5 12. a3 Rc8 13. dxc5 Nxc5 14. Bxg7 Kxg7 15. Qd4+ Qxd4 16. Nxd4 Ne4 17. Bd3 a6 18. f3 Nc5 19. Bc2 e5 20. Ne2 Rfd8 21. Rfd1 e4 22. f4 Ne6 23. Rxd8 Rxd8 24. Rd1 Rc8 25. Bb3 Nc5 26. Bc2 a5 27. Nc3 Rc7 28. Rd6 Bc6 29. Kf2 f5 30. Ke1 b5 31. Kd2 b4 32. axb4 axb4 33. Nd5 Bxd5 34. Rxd5 Kf6 35. Rd6+ Ke7 36. Rb6 Rd7+ 37. Ke2 Nd3 38. Bxd3 Rxd3 39. Rxb4 h5 40. h4 Kf6 41. Rd4 Rb3 42. Rd2 Kf7 43. Kd1 Rxe3 44. Kc2 Re1 45. b4 e3 46. Rd1 Re2+ 47. Kc3 Rxg2 48. b5 e2 49. Re1 Ke6 50. Kd3 Kd6 51. Rxe2 Rg4 52. Ke3 Rxh4 53. Rb2 Rh3+ 54. Kd4 Kc7 55. Ke5 Re3+ 56. Kf6 Rg3 57. b6+ Kb7 58. Rb1 h4 59. Rh1 h3 60. Rb1 h2 61. Rh1 Rg2 62. Ke5 Kxb6 63. Kd4 Kc6 64. Ke3 Kd6 65. Kf3 Rb2 66. Kg3 Ke6 67. Kh3 Kd5 68. Kg3 Ke4 69. Re1+ Kd3 70. Rh1 Ke3 71. Re1+ Re2 72. Rh1 Ke4 73. Ra1 Re3+ 0-1


[Site "https://www.chess.com"]

[Event "Titled Tuesday Blitz May 31 Early 2022"]
[White "Hasangatin, Ramil"]
[Black "Pakleza, Zbigniew"]
[WhiteFideId "4122160"]
[BlackFideId "1119290"]
[WhiteElo "2399"]
[BlackElo "2467"]
[Result "1-0"]
[Round "11"]
[TimeControl "180+1"]
[Date "2022.05.31"]
[WhiteClock "0:01:36"]
[BlackClock "0:00:18"]

1. e4 d6 2. d4 Nf6 3. Nc3 c6 4. a4 Nbd7 5. Nf3 e5 6. Bc4 Be7 7. O-O O-O 8. Re1 h6 9. Ba2 Qc7 10. h3 Re8 11. Be3 Nf8 12. a5 Ng6 13. d5 c5 14. Bc4 a6 15. Bf1 Nf4 16. Kh2 g5 17. g3 Ng6 18. Nd2 Bd7 19. Nc4 Rad8 20. Nb6 Bf8 21. Be2 Ne7 22. Nxd7 Qxd7 23. Bg4 Nxg4+ 24. hxg4 Nc8 25. Qf3 Bg7 26. Kg2 Qc7 27. Bd2 Ne7 28. Na4 Rb8 29. Nb6 Nc8 30. Nc4 Ne7 31. Rh1 Qd7 32. b3 Red8 33. Rh5 f6 34. Rah1 Kf7 35. Rxh6 Ng8 36. Rh7 Kg6 37. Ne3 b6 38. Nf5 Qxf5 39. Qxf5+ Kf7 40. Rxg7+ Kxg7 41. Rh7+ Kf8 42. Qe6 Rb7 43. Rxb7 Rd7 44. Rxd7 Ne7 45. Qxe7+ Kg8 46. Qg7# 1-0


[Site "https://www.chess.com"]

[Event "Titled Tuesday Blitz May 31 Early 2022"]
[White "Hirneise, Jens"]
[Black "Aradhya, Garg"]
[WhiteFideId "24614734"]
[BlackFideId "25006746"]
[WhiteElo "2359"]
[BlackElo "2169"]
[Result "1/2-1/2"]
[Round "11"]
[TimeControl "180+1"]
[Date "2022.06.01"]
[WhiteClock "0:00:04"]
[BlackClock "0:00:54"]

1. e4 e5 2. Bc4 Nf6 3. Nc3 Nxe4 4. Qh5 Nd6 5. Qxe5+ Qe7 6. Qxe7+ Bxe7 7. Be2 c6 8. d4 O-O 9. Bf4 Nf5 10. O-O-O d5 11. Nf3 Nd7 12. Rhe1 Bd6 13. Ne5 f6 14. Nd3 Nb6 15. Bxd6 Nxd6 16. Nc5 Nd7 17. Ne6 Rf7 18. Bf3 Nb6 19. Re2 Re7 20. Rde1 Rxe6 21. Rxe6 Bxe6 22. Rxe6 Rd8 23. Re7 Kf8 24. Re1 Nf5 25. Rd1 Nh4 26. b3 Re8 27. Kd2 Nxf3+ 28. gxf3 Nc8 29. a4 Nd6 30. a5 Nf5 31. Kc1 b5 32. axb6 axb6 33. Na4 Rb8 34. c3 Ke7 35. Re1+ Kd6 36. Kd2 c5 37. dxc5+ bxc5 38. Kc2 d4 39. Nb2 dxc3 40. Nc4+ Kd7 41. Kxc3 Nd4 42. Nd2 Ra8 43. f4 Ra2 44. Rd1 Kc6 45. b4 Ra3+ 46. Kb2 Rd3 47. bxc5 Nf3 48. Kc2 Rxd2+ 49. Rxd2 Nxd2 50. Kxd2 Kxc5 51. Ke3 Kd5 52. Kd3 f5 53. f3 g6 54. h4 Kc5 55. Kc3 Kd5 56. Kd3 Ke6 57. Kd4 Kf6 58. Kd5 Kg7 59. Ke6 Kh6 60. Kf6 Kh5 61. Kg7 Kxh4 62. Kxh7 Kg3 63. Kxg6 Kxf4 64. Kf6 Kxf3 65. Kxf5 1/2-1/2


[Site "https://www.chess.com"]